 Dungeon Crawl Stone Soup version 0.31.0-11-ge490571c62 (webtiles) character file.

Game seed: 15839047375566457541

353 Aldia the Shooter (level 6, -2/48 HPs)
             Began as a Formicid Hunter on Feb 1, 2024.
             Slain by a bullfrog (5 damage)
             ... in a sewer.
             The game lasted 00:07:31 (3556 turns).

Aldia the Shooter (Formicid Hunter)                 Turns: 3556, Time: 00:07:32

Health: -2/48      AC:  7    Str: 15    XL:     6   Next: 94%
Magic:  6/6        EV: 12    Int:  9    God:
Gold:   91         SH:  0    Dex: 19    Spells: 5/5 levels left

rFire   . . .        a - +1 shortbow
rCold   + . .        (no shield)
rNeg    . . .        d - +2 ring mail {rC+}
rPois   .            (helmet unavailable)
rElec   .            (no cloak)
rCorr   +            (no gloves)
SInv    +            (no boots)
Will    .....        (no amulet)
Stlth   +            o - ring of resist corrosion
HPRegen 0.28/turn    (no ring)
MPRegen 0.10/turn

%: no passive effects
@: no status effects
A: permanent stasis, dig shafts and tunnels, antennae 3, four strong arms
a: Dig


You were in a sewer.
You visited 1 branch of the dungeon, and saw 5 of its levels.
You also visited: Sewer.

You collected 187 gold pieces.
You spent 96 gold pieces at shops.

Inventory:

Hand Weapons
 a - a +1 shortbow (weapon)
Armour
 c - a +0 leather armour
 d - a +2 ring mail of cold resistance (worn)
Jewellery
 o - a ring of resist corrosion (left hand)
Scrolls
 b - 4 scrolls of identify
 g - a scroll of noise {unknown}
 h - a scroll of enchant weapon
 i - a scroll of poison
 j - a scroll of revelation
 n - a scroll of amnesia {unknown}
 q - a scroll of teleportation {unknown}
Potions
 f - a potion of brilliance
 k - a potion of resistance
 l - a potion of enlightenment
 m - a potion of magic {unknown}
 r - a potion of degeneration {unknown}


   Skills:
 + Level 3.8 Fighting
 * Level 5.8 Ranged Weapons
 + Level 2.8 Armour
 + Level 3.1 Dodging
 - Level 1.2 Stealth


You had 5 spell levels left.
You didn't know any spells.
Your spell library contained the following spells:

 Spells                   Type           Power      Damage    Failure   Level
 Freeze                   Ice            0%         1d3       61%         1
 Call Canine Familiar     Summ           0%         N/A       93%         3
 Frozen Ramparts          Ice            0%         1d1       93%         3
 Hailstorm                Conj/Ice       0%         3d5       93%         3
 Sigil of Binding         Hex            0%         N/A       93%         3
 Dimensional Bullseye     Hex/Tloc       0%         N/A       100%        4


Dungeon Overview and Level Annotations

Branches:
Dungeon (5/15)             Temple (0/1) D:5           Sewer (1/1)

Altars:
The Shining One

Shops:
D:4 ?


Innate Abilities, Weirdness & Mutations

You cannot be hasted, slowed, berserked, paralysed or teleported.
You can dig through walls and to a lower floor.
You have a pair of large antennae on your head. (SInv)
Your four strong arms can wield two-handed weapons with a shield.


Message History

You shoot an arrow. The arrow barely misses the adder.
* * * LOW HITPOINT WARNING * * *
You feel sick.
The adder seems to regain its courage.
The adder closely misses you.
You shoot an arrow. The arrow barely misses the adder.
* * * LOW HITPOINT WARNING * * *
You feel sick. The adder closely misses you. The adder bites you.
* * * LOW HITPOINT WARNING * * *
You shoot an arrow. The arrow hits the adder!
The adder is almost dead.
* * * LOW HITPOINT WARNING * * *
You feel sick. The adder closely misses you.
It was a potion of curing.
You feel better. The adder bites you but does no damage.
The adder closely misses you.
You shoot an arrow. The arrow closely misses the adder.
The adder closely misses you.
You shoot an arrow. The arrow misses the adder.
The adder barely misses you. The adder bites you but does no damage.
You shoot an arrow. The arrow hits the adder!
You kill the adder!
Okay, then.
As you read the scroll labelled UPUALL DIDDOCK, it crumbles to dust.
It is a scroll of enchant weapon.
Your +0 shortbow glows red for a moment.
The bullfrog seems to regain its courage.
You shoot an arrow. The arrow closely misses the bullfrog.
The bullfrog gives a loud, deep croak!
The bullfrog misses you. The bullfrog completely misses you.
You shoot an arrow. The arrow hits the bullfrog.
The bullfrog is severely wounded.
The bullfrog barely misses you. The bullfrog hits you.
* * * LOW HITPOINT WARNING * * *
You shoot an arrow. The arrow hits the bullfrog.
The bullfrog is almost dead.
The bullfrog hits you.
* * * LOW HITPOINT WARNING * * *
The bullfrog hits you.
* * * LOW HITPOINT WARNING * * *
The bullfrog hits you.
You die...

..~..#
#..###..~..#
≈~≈≈†#
#####≈~~≈≈~#
≈~~≈≈#
#≈≈~~≈~#
~~~~≈#
#≈≈~≈≈≈#
≈≈≈~~#
#≈≈~~~≈#
≈≈≈†~#
#≈≈≈~≈≈#
~~..≈#
#≈≈~~≈≈#
.[.~≈#
#≈≈≈≈~~#
~~..≈#
#≈≈≈~@≈#
~~≈≈≈#
#≈≈≈FF~#
≈~~≈≈#
#≈≈~≈~~#
~~≈~≈#
#≈~≈~#~#
≈≈~~~#
#≈~~~≈≈#
≈~≈~≈#
#≈≈~≈≈≈#
≈≈≈~≈#
#≈≈~≈≈≈#
≈≈~~≈#
#~~#S≈~#
~~~.##
#.~....#


You could see 2 bullfrogs and an adder (wandering).

Vanquished Creatures
  A hound (D:4)
  Jessica (D:2)
  3 iguanas
  9 adders
  A gnoll (D:1)
  2 ribbon worms
  A dart slug (D:3)
  3 orcs
  8 endoplasms
  4 giant cockroaches
  6 hobgoblins
  6 jackals
  4 kobolds
  6 quokkas
  8 ball pythons
  6 bats
  5 frilled lizards
  5 goblins
  27 rats
106 creatures vanquished.

Vanquished Creatures (collateral kills)
  An iguana (D:4)
  An endoplasm (D:4)
2 creatures vanquished.

Grand Total: 108 creatures vanquished

Notes
Turn   | Place    | Note
-------+----------+-------------------------------------------
     0 | D:1      | Aldia the Formicid Hunter began the quest for the Orb.
     0 | D:1      | Reached XP level 1. HP: 16/16 MP: 1/1
   181 | D:1      | Reached XP level 2. HP: 23/23 MP: 2/2
   335 | D:1      | Reached XP level 3. HP: 28/28 MP: 3/3
   415 | D:1      | Found Ixidoju's General Store.
   494 | D:1      | Reached skill level 1 in Armour
   691 | D:2      | Reached XP level 4. HP: 34/34 MP: 4/4
  1031 | D:2      | Reached XP level 5. HP: 20/41 MP: 5/5
  1277 | D:2      | Found a faded altar of an unknown god.
  1632 | D:2      | Noticed Jessica
  1634 | D:2      | Killed Jessica
  1635 | D:2      | Reached skill level 5 in Ranged Weapons
  2348 | D:4      | Found Ocucai Qana's Magic Scroll Shoppe.
  2354 | D:4      | Bought a scroll of identify for 24 gold pieces
  2354 | D:4      | Bought a scroll of fear for 48 gold pieces
  2354 | D:4      | Bought a scroll of identify for 24 gold pieces
  2468 | D:3      | Found a glowing golden altar of the Shining One.
  2746 | D:5      | Entered Level 5 of the Dungeon
  2746 | D:5      | Noticed an ogre
  2759 | D:4      | HP: 1/41 [iguana (8)]
  2769 | D:4      | Reached XP level 6. HP: 13/47 MP: 6/6
  3218 | D:5      | Found a glowing drain.
  3242 | Sewer    | Entered a sewer
  3548 | Sewer    | HP: 2/48 [poisoned by an adder]
  3556 | Sewer    | Slain by a bullfrog

Illustrated notes

Levels and vault maps discovered:
D:1:      dpeg_arrival_tiny_j, layout_rooms, serial_shops,
          nicolae_shop_real_fake_doors, minivault_19
D:2:      layout_basic, hellmonk_ecumenical_altar_heavens_door,
          kennysheep_jessica_study
D:3:      layout_basic, general_overflow_altar, nicolae_figureground_pulse
D:4:      layout_rooms, serial_shops, kennysheep_little_box
D:5:      layout_cave_pods, minmay_temple_entry_mist,
          cheibrodos_sewer_entry_bend, uniq_sigmund
Sewer:    sewer_minmay_w

Skill      XL: |  1  2  3  4  5  6 |
---------------+-------------------+-----
Dodging        | 2 3 |  3.1
Armour         | 1 2 |  2.8
Fighting       | 3 |  3.8
Ranged Weapons | 5 |  5.8
Stealth        | |  1.2

Action                     |  1- 3 |  4- 6 || total
---------------------------+-------+-------++-------
   Fire: Shortbow          |    84 |   327 ||   411
    Use: Scroll            |       |    14 ||    14
         Potion            |       |     2 ||     2
 Armour: Leather armour    |     4 |       ||     4
         Ring mail         |    23 |   175 ||   198
  Dodge: Dodged            |    21 |   164 ||   185
